 Dungeon Crawl Stone Soup version 0.18.1-50-g88ac8fd (webtiles) character file.

140 Korbac the Insei (level 5, 0/35 HPs)
             Began as a Tengu Monk on Oct 16, 2016.
             Succumbed to a worker ant's poison
             ... on level 3 of the Dungeon.
             The game lasted 00:11:47 (2479 turns).

Korbac the Insei (Tengu Monk)                       Turns: 2479, Time: 00:11:47

Health: 0/35       AC:  2    Str: 14    XL:     5   Next: 22%
Magic:  6/6        EV: 14    Int: 11    God:
Gold:   197        SH:  0    Dex: 16    Spells: 0 memorised, 4 levels left

rFire  . . .     SeeInvis .       - Unarmed
rCold  . . .     Gourm    .     n - +0 robe
rNeg   . . .     Faith    .     (no shield)
rPois  .         Spirit   .     (helmet restricted)
rElec  .         Dismiss  .     (no cloak)
rCorr  .         Reflect  .     (no gloves)
SustAt +         Harm     .     (boots unavailable)
MR     .....                    (no amulet)
Stlth  ++........               (no ring)
                                g - ring of sustain attributes

@: lethally poisoned (0 -> -16), not resistant to hostile enchantments,
unstealthy
A: beak, talons 3, robust 1, strong 1, able to fly 1
a: Fly


You were on level 3 of the Dungeon.
You were not hungry.

You visited 1 branch of the dungeon, and saw 4 of its levels.

You collected 197 gold pieces.

Inventory:

Hand Weapons
 e - a +0 hunting sling
Missiles
 f - 98 stones (quivered)
Armour
 n - a +0 robe (worn)
Jewellery
 g - a ring of sustain attributes (left hand)
Scrolls
 c - a scroll of recharging
 d - a scroll of magic mapping
 i - a scroll of enchant weapon {unknown}
 k - a scroll of identify
 o - a scroll of blinking {unknown}
Potions
 a - a potion of curing {unknown}
 h - a potion of degeneration {unknown}
 j - a potion of invisibility {unknown}
 m - a potion of flight {unknown}
 q - a potion of haste {unknown}
Comestibles
 b - a bread ration
 l - a meat ration
 r - a beef jerky


   Skills:
 * Level 3.6 Fighting
 * Level 4.2 Dodging
 + Level 2.4 Stealth
 * Level 5.7 Unarmed Combat


You had 4 spell levels left.
You didn't know any spells.

Dungeon Overview and Level Annotations

Branches:
Dungeon (4/15)
 Temple: D:4-7

Altars:
Pakellas
Zin
The Shining One

Shops:
D:4 %


Innate Abilities, Weirdness & Mutations

You have a beak for a mouth.
You have claws for feet.
You can fly.
You are robust (+10% HP).
Your muscles are strong. (Str +2)


Message History

There is a stone staircase leading up here.
* * * LOW HITPOINT WARNING * * *
You feel sick. The worker ant barely misses you. The hungry ghost hits you.
* * * LOW HITPOINT WARNING * * *
You feel a lot more hungry.
You climb upwards.
A kobold comes into view. It is wielding a club.
* * * LOW HITPOINT WARNING * * *
You feel sick.
There is a stone staircase leading down here.
Unknown command.
Unknown command.
Unknown command.
* * * LOW HITPOINT WARNING * * *
You feel sick. The worker ant bites you.
* * * LOW HITPOINT WARNING * * *
* * * LOW HITPOINT WARNING * * *
You feel sick. The kobold completely misses you. The worker ant misses you.
Unknown command.
You die...

############
#..........#
#..........#
#..........# ####
#..........#########..<
#..........#......##.##
#..........#......##.#
#...WK.....#......##.##
#..>a.@................
###'###.#####....###.##
#.# #..........###.#
#.# #..........#...#
#.# ##.........#.###
#.# ###.......#...# #.#
####....###.#
#.############.###.##
#...........)........


You could see a hungry ghost, a worker ant and a kobold.

Vanquished Creatures
  Terence (D:2)
  Jessica (D:3)
  3 adders (D:2)
  An ooze (D:2)
  2 worms (D:2)
  3 dart slugs (D:1)
  3 giant geckos
  3 bats
  3 giant cockroaches
  4 goblins
  4 hobgoblins
  A quokka (D:2)
  2 giant newts
  8 kobolds
  6 rats
45 creatures vanquished.

Notes
Turn   | Place    | Note
--------------------------------------------------------------
     0 | D:1      | Korbac the Tengu Monk began the quest for the Orb.
     0 | D:1      | Reached XP level 1. HP: 14/14 MP: 2/2
    66 | D:1      | Reached XP level 2. HP: 17/19 MP: 3/3
   492 | D:1      | Reached XP level 3. HP: 23/23 MP: 4/4
   983 | D:2      | Found a faded altar to an unknown god.
   988 | D:2      | Reached skill level 5 in Unarmed Combat
  1277 | D:2      | Noticed Terence
  1303 | D:2      | Killed Terence
  1303 | D:2      | Reached XP level 4. HP: 16/28 MP: 5/5
  1314 | D:2      | Gained mutation: Your muscles are strong. (Str +2) [potion of mutation]
  1314 | D:2      | Gained mutation: You are robust (+10% HP). [potion of mutation]
  1458 | D:2      | Found an oddly glowing altar of Pakellas.
  1464 | D:2      | Found a glowing silver altar of Zin.
  1936 | D:3      | Noticed Jessica
  1944 | D:3      | Killed Jessica
  1944 | D:3      | Gained mutation: You can fly. [Tengu growth]
  1944 | D:3      | Reached XP level 5. HP: 35/35 MP: 6/6
  2096 | D:3      | Found a glowing golden altar of the Shining One.
  2462 | D:4      | Found Odankywo's Food Emporium.
  2462 | D:4      | Noticed a hungry ghost
  2477 | D:3      | HP: 1/35 [worker ant (1)]
  2479 | D:3      | Succumbed to a worker ant's poison

Skill      XL: |  1  2  3  4 |
---------------+-------------+-----
Unarmed Combat | 5 |  5.7
Dodging        | 4 |  4.2
Fighting       | |  3.6
Stealth        | |  2.4

Action                   |  1- 3 |  4- 6 || total
-------------------------+-------+-------++-------
Melee: Unarmed           |    67 |    70 ||   137
       Kick              |    17 |    18 ||    35
       Peck              |     8 |     7 ||    15
       Punch             |       |     1 ||     1
  Use: Scroll            |     1 |     3 ||     4
       Potion            |     1 |     2 ||     3
 Stab: Sleeping          |     3 |     2 ||     5
  Eat: Fruit             |     2 |     4 ||     6
       Bread ration      |       |     1 ||     1
       Pizza             |       |     1 ||     1
Armor: Robe              |     8 |     8 ||    16
Dodge: Dodged            |    24 |    58 ||    82
